 Dungeon Crawl Stone Soup version 0.28-a0-1117-g0bdd5ba030 (webtiles) character file.

Game seed: 11657335666432762032

61762 yoda5477 the Basher (level 14, -6/110 HPs)
             Began as a Demonspawn Transmuter on Dec 11, 2021.
             Was the Champion of Wu Jian.
             Mangled by an ettin (21 damage)
             ... on level 10 of the Dungeon.
             The game lasted 02:45:09 (19071 turns).

yoda5477 the Basher (Demonspawn Transmuter)        Turns: 19071, Time: 02:45:10

Health: -6/110     AC: 19    Str: 14    XL:     14   Next: 61%
Magic:  25/26      EV: 10    Int: 10    God:    Wu Jian [******]
Gold:   349        SH:  8    Dex: 16    Spells: 20/29 levels left

rFire   + . .      SeeInvis +   X - +6 long sword of the Spider Nest {flame, rElec rC++ Int-4 SInv}
rCold   + . .      Faith    .   N - +0 buckler
rNeg    . . .      Spirit   .   V - +1 plate armour of the Realm of Zot {rC- Will+ rCorr SInv}
rPois   +          Reflect  +   (helmet currently unavailable)
rElec   +          Harm     .   s - scarf {+Inv}
rCorr   +          Rampage  .   f - +3 pair of gauntlets of War {Slay+5}
Will    ++...                   (boots currently unavailable)
Stlth   ..........              B - amulet of reflection
HPRegen 0.28/turn               k - ring of protection from fire
MPRegen 0.20/turn               C - ring of poison resistance

@: appendages, wereblooded
A: horns 2, talons 2, ignite blood 2, spiny 2, sturdy frame 3, weakness stinger
1
a: End Transformation, Renounce Religion, Evoke Invisibility, Wall Jump,
Serpent's Lash, Heavenly Storm


You were on level 10 of the Dungeon.
You worshipped Wu Jian.
Wu Jian was exalted by your worship.
You had temporarily grown beastly horns and talons.
You visited 4 branches of the dungeon, and saw 21 of its levels.

You collected 1469 gold pieces.
You spent 1120 gold pieces at shops.

Inventory:

Hand Weapons
 w - a +5 morningstar of protection
 W - a +3 shortbow of freezing
 X - the +6 long sword of the Spider Nest (weapon) {flame, rElec rC++ Int-4 SInv}
   (You found it on level 6 of the Lair of Beasts)

   It burns those it strikes, dealing additional fire damage.
   Big, fiery blades are also staple armaments of hydra-hunters.
   Int:       It affects your intelligence (-4).
   rC:        It greatly protects you from cold.
   rElec:     It insulates you from electricity.
   SInv:      It lets you see invisible.
Missiles
 d - 483 arrows
 r - 69 poisoned darts
 D - 12 boomerangs of dispersal (quivered)
Armour
 f - the +3 pair of gauntlets of War (worn) {Slay+5}
   (You acquired it on level 4 of the Dungeon)

   Slay:      It affects your accuracy & damage with ranged weapons and melee
   (+5).
 h - a +1 pair of boots (melded)
 m - the +0 pair of gloves of the Heavens {rElec Str+5 Dex+4 SInv}
   (You found it on level 12 of the Dungeon)

   Str:       It affects your strength (+5).
   Dex:       It affects your dexterity (+4).
   rElec:     It insulates you from electricity.
   SInv:      It lets you see invisible.
 o - +0 steam dragon scales
 s - a scarf of invisibility (worn)
 x - a +0 kite shield
 I - a +0 tower shield
 L - a +0 helmet (melded)
 N - a +0 buckler (worn)
 T - a +1 troll leather armour {Snorg}
 V - the +1 plate armour of the Realm of Zot (worn) {rC- Will+ rCorr SInv}
   (You bought it in a shop on level 8 of the Dungeon)

   rC:        It makes you vulnerable to cold.
   SInv:      It lets you see invisible.
   rCorr:     It protects you from acid and corrosion.
   Will:      It increases your willpower.
Jewellery
 k - a ring of protection from fire (left hand)
 B - an amulet of reflection (around neck)
 C - a ring of poison resistance (right hand)
 M - a ring of protection from cold
 P - a ring of see invisible
Wands
 c - a wand of paralysis (1)
 l - a wand of mindburst (10)
 t - a wand of digging (4)
 v - a wand of iceblast (4)
 A - a wand of acid (3)
 Q - a wand of charming (3)
Scrolls
 b - 2 scrolls of enchant weapon
 g - a scroll of summoning
 j - 2 scrolls of identify
 p - 4 scrolls of magic mapping
 q - 3 scrolls of blinking
 y - 4 scrolls of fog
 G - 2 scrolls of brand weapon
 H - 2 scrolls of fear
 O - a scroll of enchant armour
 S - 9 scrolls of teleportation
Potions
 a - 3 potions of ambrosia
 e - 2 potions of flight
 i - 2 potions of heal wounds
 n - 3 potions of resistance
 z - 6 potions of curing
 E - 2 potions of might
 F - a potion of invisibility
 J - 2 potions of haste
 Y - 2 potions of brilliance
 Z - a potion of experience {unknown}
Miscellaneous
 u - a lightning rod (4/4)
 K - a box of beasts


   Skills:
 - Level 10.0 Fighting
 * Level 5.3 Long Blades
 - Level 10.4 Maces & Flails
 + Level 9.8 Armour
 - Level 6.0 Dodging
 - Level 2.0 Stealth
 + Level 0.0 Shields
 - Level 2.6 Unarmed Combat
 - Level 8.0 Spellcasting
 + Level 3.4 Translocations
 + Level 9.6 Transmutations
 + Level 1.0 Air Magic
 - Level 10.0 Evocations


You had 20 spell levels left.
You knew the following spells:

 Your Spells              Type           Power      Damage    Failure   Level
a - Beastly Appendage     Tmut           46%        N/A       3%          1
b - Wereblood             Tmut           23%        N/A       4%          2
c - Blink                 Tloc           20%        N/A       52%         2
d - Airstrike             Air            3%         N/A       100%        4

Your spell library contained the following spells:

 Spells                   Type           Power      Damage    Failure   Level
 Passwall                 Tmut/Erth      10%        N/A       32%         2
 Spider Form              Tmut/Pois      13%        N/A       54%         3
 Lesser Beckoning         Tloc           10%        N/A       75%         3
 Animate Skeleton         Necr           8%         N/A       83%         1
 Pain                     Necr           16%        1d4       83%         1
 Sandblast                Erth           8%         2d5       83%         1
 Summon Small Mammal      Summ           16%        N/A       83%         1
 Ice Form                 Ice/Tmut       13%        N/A       91%         4
 Call Canine Familiar     Summ           4%         N/A       99%         3
 Stone Arrow              Conj/Erth      8%         3d7       99%         3
 Summon Guardian Golem    Hex/Summ       4%         N/A       99%         3
 Vampiric Draining        Necr           4%         2d6       99%         3
 Alistair's Intoxication  Tmut/Pois      8%         N/A       99%         5
 Fulminant Prism          Conj/Hex       2%         3d6       100%        4
 Iskenderun's Mystic Bla  Conj/Tloc      7%         2d4       100%        4
 Summon Lightning Spire   Summ/Air       5%         N/A       100%        4
 Borgnjor's Vile Clutch   Necr/Erth      2%         N/A       100%        5
 Fireball                 Conj/Fire      2%         3d4       100%        5
 Lee's Rapid Deconstruct  Erth           2%         3d5*      100%        5
 Lightning Bolt           Conj/Air       2%         1d14      100%        5
 Manifold Assault         Tloc           10%        N/A       100%        5
 Summon Forest            Summ/Tloc      3%         N/A       100%        5
 Summon Mana Viper        Hex/Summ       4%         N/A       100%        5
 Eringya's Noxious Bog    Tmut/Pois      6%         N/A       100%        6
 Starburst                Conj/Fire      2%         6d3       100%        6
 Summon Cactus Giant      Summ           2%         N/A       100%        6
 Ignition                 Fire           2%         3d3       100%        8


Dungeon Overview and Level Annotations

Branches:
Dungeon (13/15)            Temple (1/1) D:4            Lair (6/6) D:10
  Swamp (0/4) Lair:3        Snake (0/4) Lair:3          Orc (1/2) D:10
  Slime: Lair:5-6    Vaults: D:13-14

Altars:
Ashenzari
Cheibriados
Dithmenos
Elyvilon
Fedhas
Gozag
Hepliaklqana
Kikubaaqudgha
Makhleb
Nemelex Xobeh
Okawaru
Qazlal
Ru
Sif Muna
Trog
Uskayaw
Vehumet
Wu Jian
Xom
Yredelemnul
Zin
The Shining One

Shops:
D:2 =   D:8 [   D:10 *

Annotations:
D:6 exclusion: downstairs
D:10 exclusion: troll
Lair:3 exclusions: downstairs and 2 electric eels
Lair:5 exclusions: 2 death yaks, hydra, 3 oklob plants and 3 more exclusions
Lair:6 exclusion: oklob plant


Innate Abilities, Weirdness & Mutations

You have temporarily grown beastly horns and talons.
Your demonic aura often causes spilled blood to erupt in flames.
You are mostly covered in sharp spines.
Your movements are significantly less encumbered by armour. (ER -6)
You have a small tail.


Message History

The orc warrior shouts!
You hear a shout! x2
The orc misses you. The orc is struck by your spines.
The orc hits you but does no damage. The ettin is struck by your spines.
The ettin hits you with a +2 dire flail of holy wrath!
You convulse.
You block the ettin's attack.
An orc comes into view. It is wielding a +0 hand axe.
There is a staircase back to the Dungeon, spattered with blood here.
The orc is struck by your spines. The orc hits you with a +0 falchion.
The ettin hits you with a +2 dire flail of holy wrath!!
You convulse!
You block the ettin's attack. The orc hits you but does no damage.
The orc priest calls upon Beogh to heal the orc.
The orc's wounds heal themselves!
You hear a shout!
You climb upwards.
Welcome back to the Dungeon!
Level annotation: exclusion: troll
There is a staircase to the Orcish Mines here.
Casting: Wereblood (safe; 4% risk of failure)
Confirm with . or Enter, or press ? or * to list all spells.
You blink.
You feel stable enough to blink again.
Throw: 13 boomerangs (disperse)
Press: ? - help, Q - select action, (/) - cycle Shift-Dir - straight line, f - ettin
Aim: an ettin, wielding a +2 dire flail of holy wrath and a +0 dire flail (lightly wounded, 86% to hit)
You throw a boomerang of dispersal.
The boomerang of dispersal barely misses the ettin.
You slash the ettin! You burn the ettin. You claw the ettin.
The ettin is moderately wounded.
The ettin completely misses you.
The ettin hits you with a +0 dire flail.
There is an open door here.
You spin and attack the ettin.
You hit the ettin. You burn the ettin. You headbutt the ettin.
The ettin is moderately wounded.
The ettin hits you with a +2 dire flail of holy wrath!!
* * * LOW HITPOINT WARNING * * *
You convulse!
* * * LOW HITPOINT WARNING * * *
The ettin hits you with a +0 dire flail!!
You die...

###### ##### ##....## ##....
##..#...# ##### #.).#. #..##...##
##...## ##...##
#.##..8..###.8.8.###.....#
#.#......@C.......+...[...
#.#..#'#.ยง#..#'#..#..#.#..
#.#.##.##.#.##[##.#.##.##.
#.#.#.).#.#o#[))#.#.#...#.
##.#.#)..#.#.#...#.#.#..)#.
#######..#.##.##.#o##.##.#.##.##.
.........#..#'#..#..#'#..#..#.#..
.........##......#.......#......#
........###..8..###.8o8.###.....#


You could see an ettin.

Vanquished Creatures
  Snorg (Lair:3)
  Harold (Lair:1)
  7 hydras
  A death knight (D:12)
  3 catoblepae
  A centaur warrior (D:11)
  10 death yaks (Lair:6)
  2 two-headed ogres
  Nergalle (D:11)
  A lindwurm (Lair:6)
  2 cyclopes (D:12)
  8 black mambas
  18 elephants
  2 torpor snails
  10 cane toads
  9 komodo dragons
  4 rime drakes
  5 polar bears (Lair:6)
  7 hornets
  2 trolls (D:10)
  15 blink frogs
  A meliai zombie (D:10)
  4 dream sheep (Lair:3)
  13 spriggans (Lair:6)
  A wraith (D:9)
  6 wyverns
  45 yaks
  4 basilisks
  A steam dragon (D:5)
  4 vampire mosquitoes (D:12)
  2 acid dragons
  A naga (Lair:3)
  14 water moccasins
  9 orc warriors
  3 sky beasts
  7 black bears
  5 boggarts (Lair:6)
  2 ice beasts
  2 ogres
  11 centaurs
  44 wolves
  2 kobold brigands
  11 bullfrogs
  4 gnoll sergeants
  4 scorpions
  A water moccasin zombie (D:6)
  A water moccasin skeleton (D:6)
  The ghost of MisterT the Chopper, a weakling HOMo (D:3)
  8 killer bees
  2 electric eels
  5 wights
  3 howler monkeys (D:9)
  A centaur zombie (D:8)
  3 bullfrog zombies
  4 hounds
  3 bullfrog skeletons
  A centaur skeleton (D:5)
  A gnoll shaman (D:9)
  10 orc priests
  2 jellies (D:6)
  3 iguanas
  6 orc wizards
  A killer bee zombie (D:6)
  29 gnolls
  4 adders
  A shadow imp (D:6)
  A white imp (D:7)
  An ufetubus (D:7)
  An adder skeleton (D:5)
  A worm (D:3)
  3 dart slugs
  39 orcs
  7 ball pythons
  A bat (D:2)
  12 endoplasms
  A giant cockroach (D:2)
  9 goblins
  5 hobgoblins
  4 jackals
  2 quokkas (D:1)
  3 frilled lizards
  13 kobolds
  A rat (D:2)
504 creatures vanquished.

Vanquished Creatures (others)
  A bush (D:10)
  44 fungi
  89 plants
134 creatures vanquished.

Grand Total: 638 creatures vanquished

Notes
Turn   | Place    | Note
-------+----------+-------------------------------------------
     0 | D:1      | yoda5477 the Demonspawn Transmuter began the quest for the
                  | Orb.
     0 | D:1      | Reached XP level 1. HP: 15/15 MP: 3/3
   244 | D:1      | Gained mutation: You are partially covered in sharp spines.
                  | [demonic ancestry]
   244 | D:1      | Reached XP level 2. HP: 17/21 MP: 3/5
   530 | D:1      | Found a faded altar of an unknown god.
   552 | D:1      | Reached skill level 1 in Stealth
   803 | D:1      | Reached XP level 3. HP: 27/27 MP: 4/6
  1205 | D:2      | Found an iron altar of Okawaru.
  1420 | D:2      | Found Jyaneg's One-of-a-Kind Rings.
  1879 | D:4      | Identified a scroll of acquirement
  1879 | D:4      | Acquired the +3 pair of gauntlets of War {Slay+5}
  1879 | D:4      | Found the +3 pair of gauntlets of War {Slay+5}
  2046 | D:3      | Reached XP level 4. HP: 33/34 MP: 5/7
  2247 | D:3      | Learned a level 2 spell: Wereblood
  2250 | D:3      | Learned a level 2 spell: Blink
  2310 | D:3      | Found a runed translucent door.
  2311 | D:3      | Noticed MisterT's ghost (weakling HOMo)
  2312 | D:3      | Noticed a water moccasin
  2464 | D:4      | Noticed an ogre
  2742 | D:4      | Reached XP level 5. HP: 41/41 MP: 6/8
  2756 | D:4      | Acquired a scarf of invisibility
  3057 | D:4      | Reached skill level 1 in Armour
  3287 | D:4      | Found a staircase to the Ecumenical Temple.
  3347 | D:4      | Reached skill level 1 in Evocations
  3347 | D:4      | Gained mutation: You are mostly covered in sharp spines.
                  | [demonic ancestry]
  3347 | D:4      | Reached XP level 6. HP: 40/47 MP: 7/9
  3791 | D:5      | Entered Level 5 of the Dungeon
  3889 | Temple   | Entered the Ecumenical Temple
  3893 | Temple   | Became a worshipper of the Wu Jian Council
  4188 | D:5      | Reached skill level 1 in Translocations
  4252 | D:6      | Noticed a steam dragon
  4257 | D:5      | Killed a steam dragon
  4258 | D:5      | Gained mutation: Your demonic aura sometimes causes spilled
                  | blood to erupt in flames. [demonic ancestry]
  4258 | D:5      | Reached XP level 7. HP: 48/53 MP: 7/10
  4621 | D:5      | Reached * piety under Wu Jian
  4625 | D:5      | Reached skill level 5 in Fighting
  4625 | D:5      | Gained mutation: Your movements are slightly less
                  | encumbered by armour. (ER -2) [demonic ancestry]
  4625 | D:5      | Reached XP level 8. HP: 52/62 MP: 9/11
  4970 | D:6      | Found a basalt altar of Yredelemnul.
  5160 | D:6      | Reached skill level 5 in Evocations
  5717 | D:6      | Gained mutation: Your movements are less encumbered by
                  | armour. (ER -4) [demonic ancestry]
  5717 | D:6      | Reached XP level 9. HP: 60/69 MP: 12/14
  5761 | D:7      | Reached skill level 5 in Dodging
  6061 | D:7      | Reached ** piety under Wu Jian
  6206 | D:7      | Found a bloodstained altar of Trog.
  6227 | D:7      | Found an ancient bone altar of Kikubaaqudgha.
  6726 | D:8      | Found Dyifeg's Antique Armour Shop.
  7594 | D:10     | Entered Level 10 of the Dungeon
  7594 | D:10     | Noticed a troll
  7719 | D:9      | Reached *** piety under Wu Jian
  7774 | D:9      | Gained mutation: Your demonic aura often causes spilled
                  | blood to erupt in flames. [demonic ancestry]
  7774 | D:9      | Reached XP level 10. HP: 79/79 MP: 16/16
  7784 | D:9      | Found a shadowy altar of Dithmenos.
  8022 | D:9      | Noticed a two-headed ogre
  8029 | D:9      | Killed a two-headed ogre
  8775 | D:3      | Killed MisterT's ghost
  8978 | D:10     | Found a staircase to the Lair.
  8996 | D:10     | Reached **** piety under Wu Jian
  9005 | D:10     | Reached skill level 5 in Armour
  9005 | D:10     | Reached skill level 5 in Spellcasting
  9561 | D:10     | Reached skill level 1 in Maces & Flails
  9681 | D:10     | Found Laariel's Assorted Antiques.
  9696 | D:10     | Bought a wavering wooden ring for 140 gold pieces
  9696 | D:10     | Identified the ring of Boanawex {Fire Dex+3} (You bought it
                  | in a shop on level 10 of the Dungeon)
  9696 | D:10     | Bought a dented steel amulet for 140 gold pieces
  9754 | D:10     | Found a staircase to the Orcish Mines.
  9892 | D:10     | Reached skill level 5 in Transmutations
  9892 | D:10     | Reached XP level 11. HP: 85/86 MP: 15/19
 10028 | D:10     | Found a snail-covered altar of Cheibriados.
 10506 | Lair:1   | Entered Level 1 of the Lair of Beasts
 10833 | Lair:1   | Noticed Harold
 10839 | Lair:1   | Killed Harold
 11205 | Lair:2   | Noticed a five-headed hydra
 11246 | Lair:2   | Reached skill level 5 in Maces & Flails
 11847 | Lair:2   | Noticed an eight-headed hydra
 11866 | Lair:2   | Killed a five-headed hydra
 12119 | Lair:2   | Killed a three-headed hydra
 12202 | Lair:3   | Reached XP level 12. HP: 94/94 MP: 20/22
 12407 | Lair:3   | Found a staircase to the Snake Pit.
 12491 | Lair:3   | Reached ***** piety under Wu Jian
 12574 | Lair:3   | Noticed a six-headed hydra
 12580 | Lair:3   | Found a staircase to the Swamp.
 12582 | Lair:3   | Killed a five-headed hydra
 12866 | Lair:3   | Noticed a catoblepas
 12882 | Lair:3   | Killed a catoblepas
 12931 | Lair:3   | Noticed Snorg
 12943 | Lair:3   | Killed Snorg
 13602 | Lair:5   | Gained mutation: Your movements are significantly less
                  | encumbered by armour. (ER -6) [demonic ancestry]
 13602 | Lair:5   | Reached XP level 13. HP: 59/103 MP: 20/24
 13661 | Lair:4   | Identified the +5 scimitar "Hiedd" {vorpal, Str-5 Int+7
                  | Dex+4 Stlth+}
 14518 | Lair:5   | Reached skill level 10 in Fighting
 15588 | Lair:6   | Entered Level 6 of the Lair of Beasts
 15844 | Lair:6   | Identified the +6 long sword of the Spider Nest {flame,
                  | rElec rC++ Int-4 SInv}
 15874 | Lair:6   | Reached skill level 10 in Maces & Flails
 16086 | Lair:6   | Reached ****** piety under Wu Jian
 16093 | Lair:6   | Reached skill level 1 in Long Blades
 16094 | Lair:6   | Gained mutation: You have a small tail. [demonic ancestry]
 16094 | Lair:6   | Reached XP level 14. HP: 99/110 MP: 26/26
 17252 | D:11     | Noticed Nergalle
 17259 | D:11     | Killed Nergalle
 17262 | D:11     | Paralysed by a hornet for 3 turns
 17760 | D:11     | Reached skill level 10 in Evocations
 18076 | D:12     | Learned a level 4 spell: Airstrike
 18206 | D:12     | Reached skill level 5 in Long Blades
 18670 | D:12     | Identified the +0 pair of gloves of the Heavens {rElec
                  | Str+5 Dex+4 SInv}
 18747 | D:12     | Reached skill level 1 in Air Magic
 18928 | D:8      | Bought a spiked plate armour for 840 gold pieces
 18928 | D:8      | Identified the +1 plate armour of the Realm of Zot {rC-
                  | Will+ rCorr SInv} (You bought it in a shop on level 8 of
                  | the Dungeon)
 19050 | Orc:1    | Entered Level 1 of the Orcish Mines
 19071 | D:10     | Mangled by an ettin

Illustrated notes

Levels and vault maps discovered:
D:1:      lemuel_arrival_hallway, layout_basic,
          ebering_ecumenical_altar_abandoned, nicolae_figureground_pulse
D:2:      layout_loops_ring, basic_altar, nicolae_shop_unique_rings,
          chequers_decorated_corner
D:3:      layout_rooms, ebering_ghost_inner_flame
D:4:      layout_layer_cave, minmay_temple_entry_from_below_a,
          hangedman_abyss_or_decor_stabs, serial_bayou_lagoon_a,
          grunt_decor_clamped
D:5:      layout_basic, grunt_decor_junction
D:6:      layout_loops_ring, yredelemnul_altar_generic
D:7:      minmay_inner_zag, layout_cave_pools, minitemple,
          minmay_unpleasant_kobolds
D:8:      layout_loops_ring, serial_shops,
          nicolae_shop_temple_entry_statues_fountains, kennysheep_nondescript
D:9:      layout_loops_ring, marbit_many_paths, minmay_orc_keep
D:10:     layout_small_grid, cheibriados_altar_1, david_lair_generic,
          david_orc_1_choice, serial_shops, nicolae_shop_advertising_works
          [nicolae_subvault_shop_adworks], kb_lookout_dungeons_type,
          chequers_mini_garden
D:11:     layout_basic, uniq_nergalle
D:12:     layout_stronghold
D:13:     layout_irregular_city, ximxim_vaults_locker_room,
          gammafunk_ghost_spectres
Temple:   kb_temple_of_zot
Lair:1:   layout_cave_shapes, uniq_harold
Lair:2:   layout_long_grid, serial_forest, infiniplex_forest_clump_curved,
          infiniplex_forest_straight_1, infiniplex_forest_end_1,
          infiniplex_forest_clump_medium, infiniplex_forest_corner_2,
          infiniplex_forest_clump_tiny, infiniplex_forest_end_2,
          grunt_megastairs_1
Lair:3:   layout_cave_pods, minmay_swamp_entry_eels,
          guppyfry_snake_entry_garden, nicolae_quartered_pool_impasse,
          patterned_corridor, uniq_snorg
Lair:4:   layout_hall_layers, grunt_forest_large_clearings
Lair:5:   dpeg_oklob_gauntlet, layout_regular_city
Lair:6:   minmay_lair_end_enchanted_forest, layout_regular_city,
          minmay_slime_entry_oklob_enclosed, infiniplex_staircase_pool,
          grunt_megastairs_4
Orc:1:    layout_caves, uniq_jorgrun

Skill      XL: |  1  2  3  4  5  6  7  8  9 10 11 12 13 14 |
---------------+-------------------------------------------+-----
Stealth        | 1 2 |  2.0
Transmutations | 2 3 5 6 7 8 9 |  9.6
Dodging        | 2 3 4 6 |  6.0
Fighting       | 2 3 5 6 7 8 9 10 | 10.0
Armour         | 2 4 5 6 8 9 |  9.8
Evocations     | 1 2 4 5 7 8 9 10 | 10.0
Translocations | 1 2 3 |  3.4
Spellcasting   | 3 4 5 6 7 8 |  8.0
Maces & Flails | 2 6 8 10 | 10.4
Long Blades    | 1 5 |  5.3
Air Magic      | 1 |  1.0
Unarmed Combat | |  2.6

Action                   |  1- 3 |  4- 6 |  7- 9 | 10-12 | 13-15 || total
-------------------------+-------+-------+-------+-------+-------++-------
Melee: Unarmed           |    82 |    65 |   194 |    88 |       ||   429
       Kick              |    21 |    18 |    65 |   121 |   121 ||   346
       Headbutt          |    12 |    10 |    25 |    57 |    75 ||   179
       Punch             |       |       |     1 |     8 |     4 ||    13
       Morningstar       |       |       |       |   217 |   105 ||   322
       Hand axe          |       |       |       |    40 |    58 ||    98
       Long sword        |       |       |       |       |   209 ||   209
       Tailslap          |       |       |       |       |    21 ||    21
Throw: Dart              |       |     1 |     3 |       |       ||     4
       Boomerang         |       |       |     1 |       |     1 ||     2
 Cast: Beastly Appendage |    29 |    20 |    41 |    60 |    49 ||   199
       Wereblood         |       |     3 |     9 |    18 |    20 ||    50
       Blink             |       |       |       |     1 |     4 ||     5
Invok: Lunge             |       |     5 |    39 |    67 |    55 ||   166
       Whirlwind         |       |       |     5 |    89 |   117 ||   211
       Serpent's Lash    |       |       |       |       |     1 ||     1
Evoke: Lightning rod     |       |       |       |     1 |       ||     1
       Wand              |       |       |       |       |     3 ||     3
  Use: Scroll            |     7 |     3 |     3 |    14 |     2 ||    29
       Potion            |       |       |       |     1 |     1 ||     2
 Stab: Sleeping          |     2 |     4 |     1 |     6 |     7 ||    20
       Distracted        |       |       |       |     1 |       ||     1
       Petrified         |       |       |       |       |     3 ||     3
       Petrifying        |       |       |       |       |     1 ||     1
Armor: Robe              |    16 |     6 |       |       |       ||    22
       Leather armour    |       |    10 |       |       |       ||    10
       Steam dragon scal |       |       |    62 |    37 |       ||    99
       Troll leather arm |       |       |       |    74 |   135 ||   209
       Plate armour      |       |       |       |       |     2 ||     2
Dodge: Dodged            |    29 |    27 |   123 |   225 |   225 ||   629
Block: Other             |       |       |       |    30 |    83 ||   113
       Buckler           |       |       |       |       |     2 ||     2
       Reflection        |       |       |       |       |     1 ||     1

Table legend: (Time is in decaauts)
 A = Elapsed time spent in this place.
 B = Non-inter-level travel time spent in this place.
 C = Inter-level travel time spent in this place.
 D = Time resting spent in this place.
 E = Time spent auto-exploring this place.
 F = Levels seen in this place.
 G = Mean time per level.
                   A        B        C        D        E       F      G
               +--------+--------+--------+--------+--------+-----+--------+
         Total |  19209 |  17886 |   1323 |   2736 |   8424 |  21 |  914.7 |
       Dungeon |  12269 |  11251 |   1018 |   2085 |   5190 |  13 |  943.8 |
        Temple |    134 |    134 |      0 |      0 |    103 |   1 |  134.0 |
          Lair |   6800 |   6496 |    304 |    651 |   3131 |   6 | 1133.3 |
  Orcish Mines |      4 |      4 |      0 |      0 |      0 |   1 |    4.0 |
               +--------+--------+--------+--------+--------+-----+--------+

Top non-repeatable levels by time:
    D:10: 1510 daAuts
  Lair:6: 1461 daAuts
     D:4: 1460 daAuts
     D:9: 1365 daAuts
  Lair:4: 1291 daAuts
  Lair:5: 1242 daAuts
  Lair:3: 1085 daAuts
  Lair:2: 1055 daAuts
     D:5: 1032 daAuts
     D:8: 965 daAuts
     D:1: 955 daAuts
    D:12: 908 daAuts
     D:7: 899 daAuts
     D:6: 881 daAuts
     D:3: 809 daAuts
